 Dungeon Crawl Stone Soup version 0.30.0-15-g856e2d3f33 (webtiles) character file.

Game seed: 8229462304929958520

67 qw the Chopper (level 4, -4/28 HPs)
             Began as a Gargoyle Fighter on May 20, 2023.
             Slain by an ice beast (12 damage)
             ... on level 3 of the Dungeon.
             The game lasted 00:00:57 (1388 turns).

qw the Chopper (Gargoyle Fighter)                   Turns: 1388, Time: 00:00:57

Health: -4/28      AC: 15    Str: 22    XL:     4   Next: 16%
Magic:  4/4        EV:  8    Int:  8    God:
Gold:   88         SH:  4    Dex:  9    Spells: 3/3 levels left

rFire   . . .        Y - +0 war axe
rCold   . . .        c - +0 buckler
rNeg    + . .        a - +0 chain mail
rPois   inf          j - +0 helmet
rElec   +            (no cloak)
rCorr   .            i - +0 pair of gloves
SInv    +            (no boots)
Will    .....        (no amulet) Stlth
                     f - ring of see invisible
HPRegen 0.24/turn    (no ring)
MPRegen 0.09/turn

%: no passive effects
@: no status effects
A: sickness immunity, AC +3, negative energy resistance 1, electricity
resistance, torment resistance 1, petrification resistance
a: no special abilities


You were on level 3 of the Dungeon.
You visited 1 branch of the dungeon, and saw 3 of its levels.

You collected 88 gold pieces.


Innate Abilities, Weirdness & Mutations

You are immune to sickness and miasma.
Your stone body is resilient. (AC +3)
You are immune to poison.
You resist negative energy. (rN+)
You are resistant to electric shocks. (rElec)
You are resistant to unholy torment.
You are immune to petrification.


   Skills:
 - Level 3.2 Fighting
 + Level 3.9 Axes
 - Level 3.2 Armour
 - Level 3.2 Shields


You had 3 spell levels left.
You didn't know any spells.
Your spell library was empty.

Inventory:

Hand Weapons
 m - the +4 mace of the Spider Nest {spect, +Blink Dex+6}
   (You found it on level 2 of the Dungeon)

   Dex:       It affects your dexterity (+6).
   +Blink:    It lets you blink.
 Y - a +0 war axe (weapon)
Armour
 a - a +0 chain mail (worn)
 c - a +0 buckler (worn)
 i - a +0 pair of gloves (worn)
 j - a +0 helmet (worn)
Jewellery
 f - a ring of see invisible (left hand)
Scrolls
 l - 2 scrolls of teleportation
Potions
 b - a potion of flight {unknown}
 d - a potion of might
 e - 2 potions of heal wounds
 g - a potion of mutation {unknown}

Dungeon Overview and Level Annotations

Branches:
Dungeon (3/15)

Altars:


Message History

b - an emerald potion An ice beast comes into view.
Found 9 gold pieces.
You hit the ice beast.
The ice beast is lightly wounded.
The ice beast closely misses you. The ice beast hits you.
The ice beast freezes you!
You closely miss the ice beast.
The ice beast is lightly wounded.
The ice beast barely misses you.
You slash the ice beast!
The ice beast is heavily wounded.
The ice beast closely misses you.
You completely miss the ice beast.
The ice beast is heavily wounded.
The ice beast hits you but does no damage.
The ice beast barely misses you.
You closely miss the ice beast.
The ice beast is heavily wounded.
The ice beast hits you but does no damage.
You barely miss the ice beast.
The ice beast is heavily wounded.
The ice beast hits you but does no damage.
You closely miss the ice beast.
The ice beast is heavily wounded.
The ice beast hits you but does no damage.
You block the ice beast's attack.
You barely miss the ice beast.
The ice beast is heavily wounded.
The ice beast hits you. The ice beast freezes you!
You barely miss the ice beast.
The ice beast is heavily wounded.
The ice beast barely misses you.
You slash the ice beast!
The ice beast is almost dead.
The ice beast hits you but does no damage.
You closely miss the ice beast.
The ice beast is almost dead.
The ice beast hits you. The ice beast freezes you!
You die...

#.............<...
.#####...<.............
.....................##
$...............%....#
.....................#
#................>##
##...............).#
#####............##..
#...@.....#.#.#######
#....Y...#.#...#
#...?.......##...
#............#...
#.......$.##[#
#.........# ...
#.........# ..
##.....$.##


You could see an ice beast.

Vanquished Creatures
  An adder (D:2)
  4 worms
  5 endoplasms
  A giant cockroach (D:2)
  4 hobgoblins
  8 jackals
  4 quokkas
  3 ball pythons (D:1)
  5 bats
  2 frilled lizards
  A goblin (D:2)
  4 kobolds
  4 rats
46 creatures vanquished.

Notes
Turn   | Place    | Note
-------+----------+-------------------------------------------
     0 | D:1      | qw the Gargoyle Fighter began the quest for the Orb.
     0 | D:1      | Reached XP level 1. HP: 14/14 MP: 1/1
     0 | D:1      | 0 ||| qw: Version: 0.2-a-97-g499787f
     0 | D:1      | 0 ||| qw: Game counter: 63
     0 | D:1      | 0 ||| qw: Always use a shield: true
     0 | D:1      | 0 ||| qw: God list: Okawaru
     0 | D:1      | 0 ||| qw: Allow faded altars: false
     0 | D:1      | 0 ||| qw: Do Orc after D:15 true
     0 | D:1      | 0 ||| qw: Do second Lair branch before Depths: true
     0 | D:1      | 0 ||| qw: Lair rune preference: random
     0 | D:1      | 0 ||| qw: Plans: Normal, Zot:1-4, God:TSO, Crypt, Tomb,
                  | Pan, Slime:5, Hells, Abyss, Win
     0 | D:1      | 0 ||| PLANNING D:1-11
    39 | D:1      | Reached XP level 2. HP: 19/19 MP: 2/2
   326 | D:1      | 326 ||| Stepping ~*~*~tactically~*~*~ (stealth).
   491 | D:1      | Reached skill level 3 in Axes
   619 | D:1      | 619 ||| UPGRADING to +0 pair of gloves.
   624 | D:1      | 624 ||| READING scroll labelled DOKUR OWKU.
   637 | D:1      | 637 ||| READING scroll labelled HYNUODDA BIBE.
   638 | D:1      | 638 ||| READING scroll labelled TAIDGH PAUXZATSUSI.
   642 | D:1      | 642 ||| DRINKING 2 puce potions.
   671 | D:2      | Reached XP level 3. HP: 17/23 MP: 3/3
   907 | D:2      | 907 ||| Stepping ~*~*~tactically~*~*~ (stealth).
   962 | D:2      | 962 ||| Stepping ~*~*~tactically~*~*~ (stealth).
   967 | D:2      | 967 ||| Stepping ~*~*~tactically~*~*~ (stealth).
  1026 | D:2      | Identified the +4 mace of the Spider Nest {spect, +Blink
                  | Dex+6}
  1028 | D:2      | 1028 ||| DROPPING +0 whip.
  1036 | D:2      | Reached XP level 4. HP: 28/28 MP: 4/4
  1281 | D:2      | 1281 ||| UPGRADING to +0 chain mail.
  1291 | D:2      | 1291 ||| DROPPING +0 scale mail.
  1292 | D:2      | 1292 ||| UPGRADING to +0 helmet.
  1297 | D:2      | 1297 ||| UPGRADING to ring of see invisible.
  1298 | D:2      | 1298 ||| READING 3 scrolls labelled YHIGUNKIOQ.
  1299 | D:2      | 1299 ||| READING 2 scrolls labelled UTORE TATIS.
  1300 | D:2      | 1300 ||| READING scroll labelled URRIJU NEUDER.
  1301 | D:2      | 1301 ||| DROPPING 2 scrolls of fog.
  1302 | D:2      | 1302 ||| DROPPING scroll of blinking.
  1372 | D:3      | Noticed an ice beast
  1388 | D:3      | Slain by an ice beast

Levels and vault maps discovered:
D:1:      dpeg_arrival_erosion, layout_basic
D:2:      layout_rooms, st_stairs_10
D:3:      layout_rooms, lemuel_tele_altar

Skill      XL: |  1  2 |
---------------+-------+-----
Axes           | 2 3 |  3.9
Fighting       | |  3.2
Armour         | |  3.2
Shields        | |  3.2

Action                     |  1- 3 |  4- 6 || total
---------------------------+-------+-------++-------
  Melee: War axe           |   103 |    29 ||   132
    Use: Scroll            |     3 |     3 ||     6
         Potion            |     1 |       ||     1
 Armour: Scale mail        |    54 |     5 ||    59
         Chain mail        |       |     7 ||     7
  Dodge: Dodged            |    45 |    17 ||    62
  Block: Buckler           |    15 |     2 ||    17

Table legend:
 A = Non-vault XP
 B = Vault XP
 C = Vault XP percentage of total XP
 D = Non-vault monster count
 E = Vault monster count
 F = Vault count percentage of total count
                 A         B        C        D         E       F
            +---------+---------+-------+---------+---------+-------
      Total |      90 |       6 |   6.2 |      44 |       2 |   4.3
            +---------+---------+-------+---------+---------+-------
        D:1 |      32 |       0 |   0.0 |      21 |       0 |   0.0
        D:2 |      51 |       6 |  10.5 |      21 |       2 |   8.7
        D:3 |       7 |       0 |   0.0 |       2 |       0 |   0.0
            +---------+---------+-------+---------+---------+-------
